TOP OF THE 1ST |
San Francisco Bandits batting - Pitching for Hendersonville Hitmen : RHP Guy Hebert
|
Pitching: RHP Guy Hebert
|
|
Batting: RHB Scott Merritt
|
0-0: Ball 1-0: Swinging Strike 1-1: Ball 2-1: SINGLE (Groundball, 56D)
|
Batting: RHB Peter Bishop
|
0-0: Called Strike 0-1: Ball 1-1: Foul Ball, location: 2F 1-2: Foul Ball, location: 2F 1-2: Ball 2-2: Ball 3-2: Ground out 5-3 (Groundball, 56S) Scott Merritt to second
|
Batting: LHB Chris Austin
|
0-0: Foul Ball, location: 2F 0-1: Ball 1-1: Foul Ball, location: 2F 1-2: Ball 2-2: Foul Ball, location: 2F 2-2: Foul Ball, location: 2F 2-2: Foul Ball, location: 2F 2-2: Ball 3-2: Ground out U3 (Groundball, 3) Scott Merritt to third
|
Batting: RHB Owen Carter
|
0-0: Ball 1-0: Ball 2-0: Called Strike 2-1: Fly out, F9 (Flyball, 89M)
|
Top of the 1st over - 0 runs, 1 hit, 0 errors, 1 left on base; San Francisco 0 - Hendersonville 0 |
BOTTOM OF THE 1ST |
Hendersonville Hitmen batting - Pitching for San Francisco Bandits : RHP Gennarino Lucchetti
|
Pitching: RHP Gennarino Lucchetti
|
|
Batting: SHB Félix Montoya
|
0-0: Ball 1-0: Fly out, F5 (Line Drive, 5)
|
Batting: RHB Felipe Jareño
|
0-0: Ball 1-0: Foul Ball, location: 2F 1-1: Fly out, F9 (Flyball, 9LMF)
|
Batting: LHB Robert Phillips
|
0-0: Ball 1-0: Ball 2-0: Foul Ball, location: 2F 2-1: Called Strike 2-2: Fly out, F5 (Popup, 5F)
|
Bottom of the 1st over - 0 runs, 0 hits, 0 errors, 0 left on base; San Francisco 0 - Hendersonville 0 |
TOP OF THE 2ND |
San Francisco Bandits batting - Pitching for Hendersonville Hitmen : RHP Guy Hebert
|
Batting: LHB Mario García
|
0-0: Ball 1-0: Ball 2-0: Ball 3-0: Base on Balls
|
Batting: RHB Michael Elliott
|
0-0: Fly out, F7 (Flyball, 78D)
|
Batting: LHB Alan McGilroy
|
0-0: Ball 1-0: Swinging Strike 1-1: Ball 2-1: Foul Ball, location: 2F 2-2: SINGLE (Groundball, 4S) (infield hit) Mario García to second
|
Batting: RHB Javier Ramírez
|
0-0: Called Strike 0-1: Ball 1-1: Swinging Strike 1-2: Foul Ball, location: 2F 1-2: Ball 2-2: Strikes out swinging
|
Batting: RHB Lorenzo Mota
|
0-0: Ball 1-0: Ball 2-0: Called Strike 2-1: Foul Ball, location: 2F 2-2: Foul Ball, location: 2F 2-2: Fly out, F9 (Line Drive, 89M)
|
Top of the 2nd over - 0 runs, 1 hit, 0 errors, 2 left on base; San Francisco 0 - Hendersonville 0 |
BOTTOM OF THE 2ND |
Hendersonville Hitmen batting - Pitching for San Francisco Bandits : RHP Gennarino Lucchetti
|
Batting: SHB Rick Turner
|
0-0: Ball 1-0: Ball 2-0: Called Strike 2-1: Fly out, F7 (Flyball, 78M)
|
Batting: LHB Pedro Rodríguez
|
0-0: Called Strike 0-1: Foul Ball, location: 2F 0-2: Ball 1-2: Ground out 5-3 (Groundball, 56)
|
Batting: LHB Tommy Payne
|
0-0: Called Strike 0-1: Ball 1-1: Swinging Strike 1-2: Ground out 4-3 (Groundball, 4MS)
|
Bottom of the 2nd over - 0 runs, 0 hits, 0 errors, 0 left on base; San Francisco 0 - Hendersonville 0 |
TOP OF THE 3RD |
San Francisco Bandits batting - Pitching for Hendersonville Hitmen : RHP Guy Hebert
|
Batting: RHB Scott Merritt
|
0-0: Ball 1-0: Ground out 4-3 (Groundball, 4)
|
Batting: RHB Peter Bishop
|
0-0: Ball 1-0: Foul Ball, location: 2F 1-1: Foul Ball, location: 2F 1-2: Strikes out swinging
|
Batting: LHB Chris Austin
|
0-0: Called Strike 0-1: Called Strike 0-2: Fly out, F6 (Line Drive, 6)
|
Top of the 3rd over - 0 runs, 0 hits, 0 errors, 0 left on base; San Francisco 0 - Hendersonville 0 |
BOTTOM OF THE 3RD |
Hendersonville Hitmen batting - Pitching for San Francisco Bandits : RHP Gennarino Lucchetti
|
Batting: RHB Ron Glass
|
0-0: Ball 1-0: Swinging Strike 1-1: Called Strike 1-2: Ground out 5-3 (Groundball, 56)
|
Batting: LHB Milo Glenn
|
0-0: Called Strike 0-1: Ball 1-1: Ball 2-1: Foul Ball, location: 2F 2-2: SINGLE (Line Drive, 78S)
|
Batting: SHB José Estreito
|
0-0: Ball 1-0: DOUBLE (Line Drive, 7LM) Milo Glenn to third Runner from 3rd tries for Home, SAFE, no throw
|
Batting: SHB Félix Montoya
|
0-0: Ball 1-0: Foul Ball, location: 2F 1-1: Foul Ball, location: 2F 1-2: Ball 2-2: Foul Ball, location: 2F 2-2: Strikes out swinging
|
Batting: RHB Felipe Jareño
|
0-0: Fly out, F4 (Popup, 4)
|
Bottom of the 3rd over - 1 run, 2 hits, 0 errors, 1 left on base; San Francisco 0 - Hendersonville 1 |
TOP OF THE 4TH |
San Francisco Bandits batting - Pitching for Hendersonville Hitmen : RHP Guy Hebert
|
Batting: RHB Owen Carter
|
0-0: Foul Ball, location: 2F 0-1: Swinging Strike 0-2: Strikes out swinging
|
Batting: LHB Mario García
|
0-0: Ball 1-0: Called Strike 1-1: Called Strike 1-2: Ball 2-2: Foul Ball, location: 2F 2-2: Foul Ball, location: 2F 2-2: Foul Ball, location: 2F 2-2: Ball 3-2: Base on Balls
|
Batting: RHB Michael Elliott
|
0-0: Ball 1-0: Called Strike 1-1: Ball 2-1: Foul Ball, location: 2F 2-2: Ground out 3-1 (Groundball, 34S) Mario García to second
|
Batting: LHB Alan McGilroy
|
0-0: Ball 1-0: Called Strike 1-1: Called Strike 1-2: Foul Ball, location: 2F 1-2: SINGLE (Line Drive, 34) Mario García to third Runner from 3rd tries for Home, SAFE, no throw
|
Batting: RHB Javier Ramírez
|
0-0: Called Strike Pickoff Throw by Catcher to First - Out!
|
Top of the 4th over - 1 run, 1 hit, 0 errors, 0 left on base; San Francisco 1 - Hendersonville 1 |
BOTTOM OF THE 4TH |
Hendersonville Hitmen batting - Pitching for San Francisco Bandits : RHP Gennarino Lucchetti
|
Batting: LHB Robert Phillips
|
0-0: Called Strike 0-1: Ball 1-1: Ball 2-1: DOUBLE (Line Drive, 89D)
|
Batting: SHB Rick Turner
|
0-0: Ball 1-0: SINGLE (Line Drive, 4M) Robert Phillips to third
|
Batting: LHB Pedro Rodríguez
|
0-0: Ball 1-0: Called Strike 1-1: Ball Balk! Robert Phillips scores Rick Turner to second 2-1: Foul Ball, location: 2F 2-2: SINGLE (Groundball, 6MD) Rick Turner to third Runner from 3rd tries for Home, SAFE, no throw
|
Batting: LHB Tommy Payne
|
0-0: Called Strike 0-1: Ball 1-1: Swinging Strike 1-2: Ball 2-2: Foul Ball, location: 2F 2-2: Ground out 5-3 (Groundball, 56S) Pedro Rodríguez to second
|
Batting: RHB Ron Glass
|
0-0: Called Strike 0-1: Foul Ball, location: 2F 0-2: Strikes out swinging
|
Batting: LHB Milo Glenn
|
0-0: Called Strike 0-1: Fly out, F7 (Flyball, 7S)
|
Bottom of the 4th over - 2 runs, 3 hits, 0 errors, 1 left on base; San Francisco 1 - Hendersonville 3 |
TOP OF THE 5TH |
San Francisco Bandits batting - Pitching for Hendersonville Hitmen : RHP Guy Hebert
|
Batting: RHB Javier Ramírez
|
0-0: Called Strike 0-1: Ball 1-1: Ball 2-1: Foul Ball, location: 2F 2-2: Ball 3-2: DOUBLE (Line Drive, 9LM)
|
Batting: RHB Lorenzo Mota
|
0-0: Ball 1-0: Ground out 5-3 (Groundball, 5)
|
Batting: RHB Scott Merritt
|
0-0: Ball 1-0: Foul Ball, location: 2F 1-1: Called Strike 1-2: Foul Ball, location: 2F 1-2: Ground out 6-3 (Groundball, 6) Javier Ramírez to third
|
Batting: RHB Peter Bishop
|
0-0: Called Strike 0-1: Called Strike 0-2: Foul Ball, location: 2F 0-2: Ground out 4-3 (Groundball, 4M)
|
Top of the 5th over - 0 runs, 1 hit, 0 errors, 1 left on base; San Francisco 1 - Hendersonville 3 |
BOTTOM OF THE 5TH |
Hendersonville Hitmen batting - Pitching for San Francisco Bandits : RHP Gennarino Lucchetti
|
Batting: SHB José Estreito
|
0-0: Called Strike 0-1: Ball 1-1: Ball 2-1: Ball 3-1: Ground out 4-3 (Groundball, 4)
|
Batting: SHB Félix Montoya
|
0-0: Swinging Strike 0-1: Fly out, F7 (Flyball, 7S)
|
Batting: RHB Felipe Jareño
|
0-0: Called Strike 0-1: Ball 1-1: Swinging Strike 1-2: Fly out, F5 (Popup, 25F)
|
Bottom of the 5th over - 0 runs, 0 hits, 0 errors, 0 left on base; San Francisco 1 - Hendersonville 3 |
TOP OF THE 6TH |
San Francisco Bandits batting - Pitching for Hendersonville Hitmen : RHP Guy Hebert
|
Batting: LHB Chris Austin
|
0-0: Foul Ball, location: 2F 0-1: SINGLE (Flyball, 89S)
|
Batting: RHB Owen Carter
|
0-0: Ball 1-0: Ball 2-0: Ball 3-0: Base on Balls Chris Austin to second
|
Batting: LHB Mario García
|
0-0: Foul Ball, location: 2F 0-1: Ball 1-1: Swinging Strike 1-2: Foul Ball, location: 2F 1-2: 3-RUN HOME RUN (Flyball, 9LD), Distance : 360 ft
|
Batting: RHB Michael Elliott
|
0-0: Ground out 5-3 (Groundball, 5L)
|
Batting: LHB Alan McGilroy
|
0-0: Ball 1-0: Ball 2-0: Ball 3-0: Called Strike 3-1: Called Strike 3-2: Strikes out swinging
|
Batting: RHB Javier Ramírez
|
0-0: Ball 1-0: Ball 2-0: Ball 3-0: Base on Balls
|
Pitching: RHP Tony Murillo
|
|
Batting: RHB Lorenzo Mota
|
0-0: Called Strike 0-1: Ground out 6-3 (Groundball, 6MS)
|
Top of the 6th over - 3 runs, 2 hits, 0 errors, 1 left on base; San Francisco 4 - Hendersonville 3 |
BOTTOM OF THE 6TH |
Hendersonville Hitmen batting - Pitching for San Francisco Bandits : RHP Gennarino Lucchetti
|
Batting: LHB Robert Phillips
|
0-0: Fly out, F9 (Line Drive, 89D)
|
Batting: SHB Rick Turner
|
0-0: Called Strike 0-1: Called Strike 0-2: Ball 1-2: Ball 2-2: Fly out, F9 (Flyball, 9LS)
|
Batting: LHB Pedro Rodríguez
|
0-0: Called Strike 0-1: Foul Ball, location: 2F 0-2: Ball 1-2: Foul Ball, location: 2F 1-2: Foul Ball, location: 2F 1-2: Ball 2-2: SOLO HOME RUN (Line Drive, 9LD), Distance : 365 ft
|
Batting: LHB Tommy Payne
|
0-0: Foul Ball, location: 2F 0-1: Swinging Strike 0-2: SINGLE (Flyball, 89S)
|
Pitching: RHP Carlos Ledezma
|
|
Batting: RHB Ron Glass
|
0-0: Ball 1-0: Ground out 6-3 (Groundball, 6S)
|
Bottom of the 6th over - 1 run, 2 hits, 0 errors, 1 left on base; San Francisco 4 - Hendersonville 4 |
TOP OF THE 7TH |
San Francisco Bandits batting - Pitching for Hendersonville Hitmen : RHP Tony Murillo
|
Batting: RHB Scott Merritt
|
0-0: Foul Ball, location: 2F 0-1: Ground out 6-3 (Groundball, 6)
|
Batting: RHB Peter Bishop
|
0-0: Ball 1-0: Ball 2-0: Swinging Strike 2-1: Foul Ball, location: 2F 2-2: Ball 3-2: Base on Balls
|
Batting: LHB Chris Austin
|
0-0: Ball Peter Bishop is caught stealing 2nd base 1-0: Called Strike 1-1: Fly out, F8 (Flyball, 78M)
|
Top of the 7th over - 0 runs, 0 hits, 0 errors, 0 left on base; San Francisco 4 - Hendersonville 4 |
BOTTOM OF THE 7TH |
Hendersonville Hitmen batting - Pitching for San Francisco Bandits : RHP Carlos Ledezma
|
Batting: LHB Milo Glenn
|
0-0: Ball 1-0: Foul Ball, location: 2F 1-1: Ball 2-1: Ground out 6-3 (Groundball, 6M)
|
Pinch Hitting: LHB José Berroa
|
0-0: Ground out 6-3 (Groundball, 6)
|
Batting: SHB Félix Montoya
|
0-0: Foul Ball, location: 2F 0-1: Ball 1-1: Ball 2-1: Ground out 4-3 (Groundball, 4)
|
Bottom of the 7th over - 0 runs, 0 hits, 0 errors, 0 left on base; San Francisco 4 - Hendersonville 4 |
TOP OF THE 8TH |
San Francisco Bandits batting - Pitching for Hendersonville Hitmen : RHP Tony Murillo
|
Now at 2B: Boyd Pittman
|
|
Batting: RHB Owen Carter
|
0-0: Foul Ball, location: 2F 0-1: Ball 1-1: Swinging Strike 1-2: Foul Ball, location: 2F 1-2: Ground out 6-3 (Groundball, 6)
|
Batting: LHB Mario García
|
0-0: Ball 1-0: Swinging Strike 1-1: Ball 2-1: Foul Ball, location: 2F 2-2: Foul Ball, location: 2F 2-2: Strikes out swinging
|
Batting: RHB Michael Elliott
|
0-0: Called Strike 0-1: Foul Ball, location: 2F 0-2: Ball 1-2: Ball 2-2: Ball 3-2: Ground out 6-3 (Groundball, 6D)
|
Top of the 8th over - 0 runs, 0 hits, 0 errors, 0 left on base; San Francisco 4 - Hendersonville 4 |
BOTTOM OF THE 8TH |
Hendersonville Hitmen batting - Pitching for San Francisco Bandits : RHP Carlos Ledezma
|
Batting: RHB Felipe Jareño
|
0-0: Swinging Strike 0-1: Foul Ball, location: 2F 0-2: Foul Ball, location: 2F 0-2: Ball 1-2: Strikes out looking
|
Batting: LHB Robert Phillips
|
0-0: Ball 1-0: Foul Ball, location: 2F 1-1: Ball 2-1: Foul Ball, location: 2F 2-2: Strikes out looking
|
Batting: SHB Rick Turner
|
0-0: Ground out 4-3 (Groundball, 34D)
|
Bottom of the 8th over - 0 runs, 0 hits, 0 errors, 0 left on base; San Francisco 4 - Hendersonville 4 |
TOP OF THE 9TH |
San Francisco Bandits batting - Pitching for Hendersonville Hitmen : RHP Tony Murillo
|
Pitching: RHP Ignacio Morales
|
|
Batting: LHB Alan McGilroy
|
0-0: Foul Ball, location: 2F 0-1: Called Strike 0-2: Ball 1-2: Foul Ball, location: 2F 1-2: SOLO HOME RUN (Flyball, 9D), Distance : 395 ft
|
Batting: RHB Javier Ramírez
|
0-0: Reached on error, E4 (Groundball, 4)
|
Batting: RHB Lorenzo Mota
|
0-0: Called Strike 0-1: Swinging Strike 0-2: Foul Ball, location: 2F 0-2: Ball 1-2: Grounds into double play, 6-4-3 (Groundball, 56)
|
Batting: RHB Scott Merritt
|
0-0: Ball 1-0: Fly out, F7 (Flyball, 7)
|
Top of the 9th over - 1 run, 1 hit, 1 error, 0 left on base; San Francisco 5 - Hendersonville 4 |
BOTTOM OF THE 9TH |
Hendersonville Hitmen batting - Pitching for San Francisco Bandits : RHP Carlos Ledezma
|
Pitching: RHP Kunihiko Daikawa
|
|
Now at 2B: Terry Dailey
|
|
Batting: LHB Pedro Rodríguez
|
0-0: Called Strike 0-1: Ball 1-1: Ball 2-1: Ground out 5-3 (Groundball, 56)
|
Batting: LHB Tommy Payne
|
0-0: Ball 1-0: Ground out 4-3 (Groundball, 4)
|
Batting: RHB Ron Glass
|
0-0: Foul Ball, location: 2F 0-1: Ball 1-1: Foul Ball, location: 2F 1-2: Ball 2-2: Foul Ball, location: 2F 2-2: Foul Ball, location: 2F 2-2: Foul Ball, location: 2F 2-2: Foul Ball, location: 2F 2-2: Foul Ball, location: 2F 2-2: Ball 3-2: Base on Balls
|
Batting: LHB Milo Glenn
|
0-0: Ball 1-0: Ball 2-0: Ball 3-0: Foul Ball, location: 2F 3-1: Base on Balls Ron Glass to second
|
Batting: RHB Boyd Pittman
|
0-0: Fly out, F4 (Popup, 4S)
|
Bottom of the 9th over - 0 runs, 0 hits, 0 errors, 2 left on base; San Francisco 5 - Hendersonville 4 |
|